 Dungeon Crawl Stone Soup version 0.28.0 (webtiles) character file.

Game seed: 6605758519167730249

23144 AmazingTV the Protected (level 12, -2/108 HPs)
             Began as a Minotaur Fighter on July 15, 2022.
             Was a High Priest of Okawaru.
             Slain by a seven-headed hydra (9 damage)
             ... on level 1 of the Lair of Beasts.
             The game lasted 01:16:30 (21452 turns).

AmazingTV the Protected (Minotaur Fighter)         Turns: 21452, Time: 01:16:31

Health: -2/108     AC: 18    Str: 24    XL:     12   Next: 69%
Magic:  15/15      EV:  8    Int:  5    God:    Okawaru [*****.]
Gold:   217        SH: 11    Dex:  9    Spells: 11/11 levels left

rFire   . . .      SeeInvis .   a - +6 morningstar of the Spectre {venom, rElec rF- rC+++ Str-3, mace}
rCold   + + +      Faith    .   c - +0 buckler
rNeg    . . .      Spirit   .   v - +2 chain mail {rF+}
rPois   .          Reflect  +   m - +2 hat
rElec   +          Harm     .   o - +0 cloak
rCorr   .          Rampage  .   (no gloves)
Will    .....                   i - +0 pair of boots
Stlth   ..........              n - amulet of reflection
HPRegen 0.28/turn               (no ring)
MPRegen 0.14/turn               (no ring)

@: mighty, about to teleport
A: horns 2, retaliatory headbutt
a: Renounce Religion, Heroism, Finesse, Duel


You were on level 1 of the Lair of Beasts.
You worshipped Okawaru.
Okawaru was extremely pleased with you.
You visited 3 branches of the dungeon, and saw 15 of its levels.
You also visited: Ossuary.

You collected 815 gold pieces.
You spent 598 gold pieces at shops.


Innate Abilities, Weirdness & Mutations

You have a pair of horns on your head.
You reflexively headbutt those who attack you in melee.


   Skills:
 + Level 10.7 Fighting
 + Level 9.1(11.1) Axes
 - Level 8.8(10.9) Maces & Flails
 - Level 4.4(7.9) Polearms
 - Level 4.4(7.8) Staves
 + Level 9.2(9.6) Slings
 - Level 3.6(6.4) Throwing
 + Level 10.8 Armour
 + Level 10.7 Shields
 + Level 5.5 Invocations
 + Level 0.3 Evocations


You had 11 spell levels left.
You didn't know any spells.
Your spell library contained the following spells:

 Spells                   Type           Power      Damage    Failure   Level
 Corpse Rot               Necr/Air       0%         N/A       99%         2
 Ensorcelled Hibernation  Hex/Ice        0%         N/A       99%         2
 Poisonous Vapours        Pois/Air       0%         N/A       99%         2
 Conjure Flame            Conj/Fire      0%         6-21      100%        3
 Ignite Poison            Fire/Tmut/Pois 0%         N/A       100%        3
 Ozocubu's Armour         Ice            0%         N/A       100%        3
 Spider Form              Tmut/Pois      0%         N/A       100%        3
 Anguish                  Hex/Necr       0%         N/A       100%        4
 Passage of Golubria      Tloc           0%         N/A       100%        4
 Sticky Flame             Conj/Fire      0%         2d3       100%        4
 Metabolic Englaciation   Hex/Ice        0%         N/A       100%        5
 Silence                  Hex/Air        0%         N/A       100%        5
 Ozocubu's Refrigeration  Ice            0%         4d5       100%        7
 Lehudib's Crystal Spear  Conj/Erth      0%         10d2      100%        8

Inventory:

Hand Weapons
 a - the +6 morningstar of the Spectre (weapon) {venom, rElec rF- rC+++ Str-3, mace}
   (You bought it in a shop on level 11 of the Dungeon)

   It poisons the flesh of those it strikes.
   Str:       It affects your strength (-3).
   rF:        It makes you vulnerable to fire.
   rC:        It renders you almost immune to cold.
   rElec:     It insulates you from electricity.
 b - a +0 hunting sling of freezing {sling}
   (You found it on level 3 of the Dungeon)
 h - the +7 mace of Lely {vorpal, Int+4 SInv, mace}
   (You bought it in a shop on level 11 of the Dungeon)

   It inflicts extra damage upon your enemies.
   Int:       It affects your intelligence (+4).
   SInv:      It lets you see invisible.
 x - a +2 whip of flaming {mace}
   (You took it off Pikel on level 4 of the Dungeon)
 y - a +4 spear {polearm}
   (You took it off a wight on level 8 of the Dungeon)
 G - a +0 flail of holy wrath {mace}
   (You took it off an orc on level 6 of the Dungeon)
 N - a +0 broad axe {axe}
   (You took it off Maggie on level 7 of the Dungeon)
 O - a +5 hand axe {axe}
   (You took it off a wight on level 9 of the Dungeon)
Missiles
 e - 282 stones
 f - 6 boomerangs
 k - 459 arrows
 l - 110 sling bullets
 p - 6 javelins
 w - 4 datura-tipped darts
 A - 2 curare-tipped darts {=f}
 H - 30 bolts
 L - 6 silver boomerangs (quivered)
 W - 44 poisoned darts
Armour
 c - a +0 buckler (worn)
 i - a +0 pair of boots (worn)
   (You found it on level 5 of the Dungeon)
 j - the +1 plate armour of Yxkatuag {Str+4}
   (You took it off an orc warrior on level 10 of the Dungeon)

   Str:       It affects your strength (+4).
 m - a +2 hat (worn)
   (You found it on level 3 of the Dungeon)
 o - a +0 cloak (worn)
   (You took it off Crazy Yiuf on level 2 of the Dungeon)
 v - a +2 chain mail of fire resistance (worn)
   (You took it off an orc priest on level 9 of the Dungeon)
 V - the +1 chain mail of a wizard's laboratory {rElec Regen+}
   (Okawaru gifted it to you on level 13 of the Dungeon)

   rElec:     It insulates you from electricity.
   Regen:     It increases your rate of health regeneration.
 Y - a +1 scale mail of cold resistance
   (You found it on level 10 of the Dungeon)
Jewellery
 n - an amulet of reflection (around neck)
   (You found it on level 10 of the Dungeon)
 s - a ring of ice
   (You found it on level 13 of the Dungeon)
Wands
 q - a wand of mindburst (2)
   (You took it off a centaur on level 10 of the Dungeon)
 z - a wand of iceblast (9)
   (You took it off Ijyb on level 4 of the Dungeon)
 U - a wand of acid (13)
   (You found it on level 8 of the Dungeon)
 X - a wand of flame (15)
   (You found it on level 8 of the Dungeon)
Scrolls
 d - 3 scrolls of fog
 g - 2 scrolls of teleportation {@r4}
 t - a scroll of holy word {unknown}
 u - a scroll of identify {@r1}
 D - 2 scrolls of fear
 I - 6 scrolls of magic mapping {!r}
 M - a scroll of enchant armour
 R - a scroll of amnesia {unknown}
 S - 2 scrolls of enchant weapon
 T - a scroll of blinking {!r}
Potions
 r - 2 potions of cancellation
 B - a potion of might
 E - 4 potions of brilliance
 F - a potion of invisibility {unknown}
 J - 4 potions of mutation {!q}
 Q - a potion of haste {@q3}
Miscellaneous
 C - a phial of floods
   (You found it on level 12 of the Dungeon)

Dungeon Overview and Level Annotations

Branches:
Dungeon (13/15)            Temple (1/1) D:4            Lair (1/6) D:8
    Orc (0/2) D:10         Vaults (0/5) D:13        Ossuary (visited)

Altars:
Ashenzari
Cheibriados
Dithmenos
Elyvilon
Fedhas
Gozag
Hepliaklqana
Kikubaaqudgha
Makhleb
Nemelex Xobeh
Okawaru
Qazlal
Ru
Sif Muna
Trog
Uskayaw
Vehumet
Wu Jian
Xom
Yredelemnul
Zin
The Shining One
Beogh

Shops:
D:4 ?   D:8 * D:11

(? ........### .#
..# ..........####.#
.##..
..##.....##.#.#
..#.# . ##.....#..##
.... #P.......P#
#..# ##.......##
#.(.###
###..F...####
#..#.###........[..#
#....FF@..###...####
.......#..D.#.#
##.##
.⌠..#..##...### ###
...#..# #...P# .
.F.. #....# .#..#
#.....# . #..
........ ...
..........
.#........


You could see a seven-headed hydra (very poisoned), a cane toad and 2 bullfrogs.


Message History

The +6 morningstar of the Spectre {venom, rElec rF- rC+++ Str-3, mace} stops dripping with poison.
Your +0 hunting sling of freezing {sling} is covered in frost.
b - a +0 hunting sling of freezing (weapon)
{sling} You shoot a sling bullet.
The sling bullet hits the seven-headed hydra!
The sling bullet freezes the seven-headed hydra.
Your +0 hunting sling of freezing {sling} stops glowing.
You feel weaker.
The +6 morningstar of the Spectre {venom, rElec rF- rC+++ Str-3, mace} begins to drip with poison!
a - the +6 morningstar of the Spectre (weapon)
{venom, rElec rF- rC+++ Str-3, mace} You barely miss the seven-headed hydra.
A bullfrog comes into view.
The seven-headed hydra bites you but does no damage.
The seven-headed hydra bites you. x2
The seven-headed hydra bites you but does no damage.
The seven-headed hydra bites you!
You block the seven-headed hydra's attack. x2 😕 HP[-19]
You take 19 damage, and now have 89/108 hp.
You barely miss the seven-headed hydra.
The bullfrog gives a loud, deep croak!
You hear a loud, deep croak!
The seven-headed hydra bites you. The seven-headed hydra bites you!
The seven-headed hydra bites you but does no damage.
The seven-headed hydra barely misses you.
The seven-headed hydra bites you.
You block the seven-headed hydra's attack. x2 😮 HP[-17]
You take 17 damage, and now have 72/108 hp.
You hit the seven-headed hydra.
Your headbutt misses the seven-headed hydra.
The seven-headed hydra bites you.
The seven-headed hydra bites you but does no damage.
You block the seven-headed hydra's attack.
The seven-headed hydra bites you but does no damage. x2
You block the seven-headed hydra's attack.
The seven-headed hydra bites you but does no damage. 😮 HP[-1]
You take 1 damage, and now have 71/108 hp.
You hit the seven-headed hydra.
The seven-headed hydra is poisoned.
You headbutt the seven-headed hydra! The seven-headed hydra bites you.
You block the seven-headed hydra's attack.
The seven-headed hydra bites you but does no damage.
You block the seven-headed hydra's attack.
The seven-headed hydra barely misses you.
The seven-headed hydra closely misses you.
You block the seven-headed hydra's attack. 😮 HP[-4]
You take 4 damage, and now have 67/108 hp.
You puncture the seven-headed hydra! The seven-headed hydra bites you!
The seven-headed hydra bites you but does no damage.
You block the seven-headed hydra's attack. x2
The seven-headed hydra bites you but does no damage. x2
The seven-headed hydra bites you. 😮 HP[-12]
You take 12 damage, and now have 55/108 hp.
You hit the seven-headed hydra.
A cane toad comes into view.
The seven-headed hydra bites you!
* * * LOW HITPOINT WARNING * * *
The seven-headed hydra bites you!
* * * LOW HITPOINT WARNING * * *
You block the seven-headed hydra's attack.
The seven-headed hydra barely misses you.
The seven-headed hydra bites you.
* * * LOW HITPOINT WARNING * * *
The seven-headed hydra bites you but does no damage. x2 😨 HP[-23]
You take 23 damage, and now have 32/108 hp.
MASSIVE DAMAGE!! (PAUSE)
You hit the fungus.
The fungus begins to die.
You block the seven-headed hydra's attack.
The seven-headed hydra bites you!
* * * LOW HITPOINT WARNING * * *
You block the seven-headed hydra's attack.
The seven-headed hydra bites you but does no damage. x2
The seven-headed hydra bites you!
* * * LOW HITPOINT WARNING * * *
The seven-headed hydra barely misses you. 😱 HP[-20]
You take 20 damage, and now have 12/108 hp.
A nearby fungus withers and dies.
As you read the scroll of teleportation {@r4}, it crumbles to dust.
You feel strangely unstable.
A bullfrog comes into view.
The bullfrog barely misses you. The seven-headed hydra bites you.
* * * LOW HITPOINT WARNING * * *
The seven-headed hydra bites you.
* * * LOW HITPOINT WARNING * * *
The seven-headed hydra completely misses you.
You block the seven-headed hydra's attack. x2
The seven-headed hydra closely misses you.
The seven-headed hydra barely misses you.
The bullfrog hits you.
* * * LOW HITPOINT WARNING * * *
😱 HP[-6]
You take 6 damage, and now have 6/108 hp.
You feel very mighty all of a sudden.
The bullfrog gives a loud, deep croak!
The bullfrog completely misses you. The seven-headed hydra bites you!
You die...

Skill      XL: |  1  2  3  4  5  6  7  8  9 10 11 12 |
---------------+-------------------------------------+-----
Maces & Flails | 1 2 3 4 5 6 8 |  8.8
Slings         | 1 2 3 4 5 6 7 8 9 |  9.2
Shields        | 4 5 6 8 9 10 | 10.7
Armour         | 4 5 6 8 9 10 | 10.8
Fighting       | 4 5 6 7 9 10 | 10.7
Axes           | 3 4 5 6 7 8 9 |  9.1
Invocations    | 2 4 5 |  5.5
Throwing       | 2 3 |  3.6
Polearms       | 2 4 |  4.4
Staves         | 2 4 |  4.4
Evocations     | |  0.3

Action                   |  1- 3 |  4- 6 |  7- 9 | 10-12 || total
-------------------------+-------+-------+-------+-------++-------
Melee: War axe           |    91 |    98 |   207 |   137 ||   533
       Headbutt          |    12 |    18 |    59 |   121 ||   210
       Whip              |       |       |    62 |    32 ||    94
       Spear             |       |       |       |    84 ||    84
       Hand axe          |       |       |       |    34 ||    34
       Flail             |       |       |       |    38 ||    38
       Mace              |       |       |       |   114 ||   114
       Morningstar       |       |       |       |    79 ||    79
       Broad axe         |       |       |       |    21 ||    21
 Fire: Hunting sling     |       |    33 |    70 |   153 ||   256
Throw: Dart              |       |       |     3 |     2 ||     5
       Boomerang         |       |       |       |    15 ||    15
Invok: Heroism           |       |       |     3 |     7 ||    10
       Finesse           |       |       |       |     6 ||     6
  Use: Potion            |       |     1 |       |     7 ||     8
       Scroll            |       |       |     6 |    20 ||    26
Armor: Scale mail        |    56 |    46 |   136 |       ||   238
       Chain mail        |       |       |       |   294 ||   294
Dodge: Dodged            |    39 |    34 |   114 |   205 ||   392
Block: Buckler           |    25 |    21 |    71 |   263 ||   380
       Reflection        |       |       |       |    13 ||    13

Levels and vault maps discovered:
D:1:      dpeg_arrival_orchard, layout_basic,
          dreamdust_ecumenical_altar_angels_and_demons
D:2:      layout_loops_ring, basic_altar, uniq_crazy_yiuf_cottage
D:3:      layout_basic, dk_vineyard_1, minmay_tree_intersection
D:4:      layout_basic, marbit_many_paths, temple_pool_b, serial_aquarium,
          aquarium_bridge_square [aquarium_subvault_bridge,
          aquarium_subvault_window, aquarium_subvault_window,
          aquarium_subvault_balcony], aquarium_window_fake, aquarium_window_1,
          aquarium_window_1, aquarium_view_2d, aquarium_view_2e,
          aquarium_pool_1, serial_shops, nicolae_shop_window_shopping,
          uniq_ijyb, uniq_pikel
D:5:      layout_rooms, zin_angel
D:6:      layout_basic
D:7:      layout_loops_ring, nicolae_uskayaw_dance_hall, elyvilon_altar_1,
          uniq_maggie
D:8:      layout_basic, yredelemnul_forgotten_temple_becter,
          general_overflow_altar, erik_lair_orcish_takeover, serial_shops,
          nicolae_stop_n_shop_2, enter_ossuary_3, serial_park_tiny_1,
          nzn_life_drinkers
D:9:      layout_basic, nicolae_qazlal_eye_of_the_storm
D:10:     layout_irregular_city, gammafunk_temple_overflow_wave, orc_0_dummy,
          biasface_ghost_orc_armoury
D:11:     layout_basic, serial_shops, shop, nicolae_shop_trees, special_room
          [special_room_orc], minmay_misc_feat_four_crosses
D:12:     layout_loops_corners, uniq_snorg
D:13:     layout_roguey, lightli_vaults_fourway_checkpoint,
          kennysheep_generic_room_9
Temple:   oiseaux_autumnal_temple
Lair:1:   layout_layer_cave, serial_bayou_shore_a, grunt_megastairs_2

Notes
Turn   | Place    | Note
-------+----------+-------------------------------------------
     0 | D:1      | AmazingTV the Minotaur Fighter began the quest for the Orb.
     0 | D:1      | Reached XP level 1. HP: 19/19 MP: 0/0
     0 | D:1      | magus.rc [v1.9.6]
   168 | D:1      | Reached XP level 2. HP: 27/27 MP: 1/1
   373 | D:1      | Reached skill level 1 in Maces & Flails
   545 | D:1      | Reached skill level 1 in Slings
   724 | D:1      | Found a faded altar of an unknown god.
   799 | D:1      | Reached skill level 4 in Shields
   799 | D:1      | Reached XP level 3. HP: 33/33 MP: 2/2
  1161 | D:1      | Reached skill level 4 in Armour
  1163 | D:1      | HP: 8/33 [poisoned by an adder]
  1382 | D:1      | Reached skill level 4 in Fighting
  1511 | D:2      | You add the spells Ozocubu's Armour and Ozocubu's
                  | Refrigeration to your library.
  1600 | D:2      | Reached skill level 3 in Axes
  1619 | D:2      | Found a hazy altar of Hepliaklqana.
  1852 | D:2      | Identified the +1 robe of Reason {rN+ Stlth+}
  1954 | D:2      | Reached XP level 4. HP: 40/40 MP: 3/3
  2053 | D:2      | Found a runed translucent door.
  2054 | D:2      | Noticed Crazy Yiuf
  2070 | D:2      | Killed Crazy Yiuf
  2717 | D:3      | Reached skill level 2 in Maces & Flails
  2717 | D:3      | Reached XP level 5. HP: 47/47 MP: 4/4
  2941 | D:3      | Noticed a water moccasin
  2948 | D:3      | Killed a water moccasin
  2949 | D:3      | Reached skill level 2 in Slings
  3161 | D:3      | Reached XP level 6. HP: 53/53 MP: 5/5
  3603 | D:4      | You pick up a book of Dreams and begin reading...
  3603 | D:4      | You add the spells Ensorcelled Hibernation, Spider Form and
                  | Anguish to your library.
  3731 | D:4      | Noticed a sky beast
  3741 | D:4      | Killed a sky beast
  3742 | D:4      | Reached skill level 5 in Fighting
  3742 | D:4      | Reached skill level 4 in Axes
  3742 | D:4      | Reached skill level 3 in Maces & Flails
  3742 | D:4      | Reached skill level 5 in Armour
  3742 | D:4      | Reached skill level 5 in Shields
  3772 | D:4      | Found a staircase to the Ecumenical Temple.
  3802 | D:4      | Reached skill level 3 in Slings
  3851 | D:4      | HP: 14/56 [poisoned by a scorpion]
  3852 | D:4      | Reached XP level 7. HP: 15/61 MP: 6/6
  4255 | Temple   | Entered the Ecumenical Temple
  4281 | Temple   | Became a worshipper of Warmaster Okawaru
  5057 | D:4      | Noticed Pikel
  5070 | D:4      | Killed Pikel
  5071 | D:4      | Reached skill level 5 in Axes
  5071 | D:4      | Reached skill level 4 in Maces & Flails
  5071 | D:4      | Reached skill level 4 in Slings
  5071 | D:4      | Reached skill level 6 in Shields
  5071 | D:4      | Reached XP level 8. HP: 40/70 MP: 7/7
  5249 | D:4      | Noticed Ijyb
  5254 | D:4      | Found a hazy altar of Hepliaklqana.
  5263 | D:4      | Killed Ijyb
  5368 | D:4      | Found Wulom's Magic Scroll Shop.
  5401 | D:4      | Bought a scroll of teleportation for 33 gold pieces
  5401 | D:4      | Bought a scroll of identify for 22 gold pieces
  5401 | D:4      | Bought a scroll of identify for 22 gold pieces
  5401 | D:4      | Bought a scroll of identify for 22 gold pieces
  5401 | D:4      | Bought a scroll of identify for 22 gold pieces
  5401 | D:4      | Bought a scroll of immolation for 38 gold pieces
  5523 | D:4      | Reached skill level 6 in Fighting
  5624 | D:5      | Entered Level 5 of the Dungeon
  5692 | D:4      | Reached skill level 6 in Armour
  5813 | D:5      | Reached * piety under Okawaru
  6019 | D:5      | You pick up a book of Vapours and begin reading...
  6019 | D:5      | You add the spells Poisonous Vapours and Corpse Rot to your
                  | library.
  6382 | D:5      | Reached skill level 5 in Maces & Flails
  6472 | D:5      | You add the spells Sticky Flame and Metabolic Englaciation
                  | to your library.
  6472 | D:5      | Got Paufaorout's Collected Works on the Bewitching Blaze
  6713 | D:5      | Reached skill level 6 in Axes
  6764 | D:5      | Found a glowing silver altar of Zin.
  6764 | D:5      | Noticed an angel
  6778 | D:5      | Reached skill level 5 in Slings
  6974 | D:6      | Reached ** piety under Okawaru
  6982 | D:6      | Reached XP level 9. HP: 40/78 MP: 8/8
  7108 | D:5      | HP: 15/78 [orc warrior (13)]
  7592 | D:6      | Reached skill level 7 in Shields
  7715 | D:6      | Reached skill level 7 in Fighting
  7715 | D:6      | Reached skill level 7 in Armour
  8222 | D:7      | Noticed a manticore
  8237 | D:7      | HP: 18/79 [manticore (8)]
  8243 | D:7      | HP: 12/79 [manticore (2)]
  8245 | D:7      | Killed a manticore
  8246 | D:7      | Reached skill level 6 in Maces & Flails
  8536 | D:7      | magus.rc [v1.9.6]
  8637 | D:7      | Reached *** piety under Okawaru
  8703 | D:7      | HP: 13/79 [slime creature (7)]
  8999 | D:7      | HP: 16/79 [slime creature (4)]
  9002 | D:7      | HP: 7/79 [slime creature (7)]
  9327 | D:7      | Reached skill level 7 in Axes
  9327 | D:7      | Reached skill level 6 in Slings
  9829 | D:7      | Found a white marble altar of Elyvilon.
  9949 | D:7      | Noticed Maggie
  9963 | D:7      | Killed Maggie
  9964 | D:7      | Reached skill level 8 in Armour
  9964 | D:7      | Reached skill level 8 in Shields
  9964 | D:7      | Reached XP level 10. HP: 45/88 MP: 9/9
  9966 | D:7      | Reached **** piety under Okawaru
  9967 | D:7      | Reached skill level 7 in Maces & Flails
 10470 | D:7      | Found a hide-covered altar of Uskayaw.
 10590 | D:8      | Reached skill level 8 in Fighting
 10756 | D:8      | Found a sand-covered staircase.
 10897 | Ossuary  | Entered an ossuary
 11142 | D:8      | Found a staircase to the Lair.
 11174 | D:8      | Found a broken altar of Ashenzari.
 11585 | D:8      | Received a gift from Okawaru
 11626 | D:8      | Found a basalt altar of Yredelemnul.
 11681 | D:8      | Found Qisipn's General Store.
 12420 | D:9      | Reached skill level 7 in Slings
 12510 | D:9      | Reached skill level 8 in Axes
 12623 | D:9      | Found a stormy altar of Qazlal.
 12817 | D:9      | Reached skill level 1 in Invocations
 12823 | D:9      | Reached skill level 1 in Throwing
 13308 | D:10     | Entered Level 10 of the Dungeon
 13631 | D:10     | You pick up a book of the Moon and begin reading...
 13631 | D:10     | You add the spells Passage of Golubria, Silence and
                  | Lehudib's Crystal Spear to your library.
 13859 | D:10     | Found an ancient bone altar of Kikubaaqudgha.
 13859 | D:10     | Found a shadowy altar of Dithmenos.
 13953 | D:10     | Received a gift from Okawaru
 14085 | D:10     | Found a runed translucent gate.
 14086 | D:10     | Noticed Skilfsilihog's ghost (journeyman MiFi)
 14086 | D:10     | Found a runed translucent gate.
 14086 | D:10     | Identified the +1 plate armour of Yxkatuag {Str+4}
 14087 | D:10     | Found a runed translucent gate.
 14108 | D:10     | Reached skill level 8 in Maces & Flails
 14108 | D:10     | Reached skill level 2 in Invocations
 14131 | D:10     | Killed Skilfsilihog's ghost
 14131 | D:10     | Received a gift from Okawaru
 14132 | D:10     | Reached skill level 9 in Fighting
 14132 | D:10     | Reached skill level 2 in Throwing
 14132 | D:10     | Reached skill level 9 in Armour
 14132 | D:10     | Reached skill level 9 in Shields
 14132 | D:10     | Reached XP level 11. HP: 97/97 MP: 5/11
 14147 | D:10     | HP: 17/97 [orc warrior (14)]
 14499 | D:10     | Found a staircase to the Orcish Mines.
 15220 | D:11     | Found Ocets's Magic Scroll Shoppe.
 15228 | D:11     | Bought a scroll of noise for 16 gold pieces
 15228 | D:11     | Bought a scroll of identify for 32 gold pieces
 15631 | D:11     | Reached skill level 3 in Invocations
 15779 | D:11     | Reached ***** piety under Okawaru
 15789 | D:11     | Reached skill level 3 in Throwing
 15996 | D:11     | Received a gift from Okawaru
 16227 | D:11     | Noticed an eight-headed hydra
 16243 | D:11     | Killed an eight-headed hydra
 16243 | D:11     | Received a gift from Okawaru
 16361 | D:11     | Reached skill level 9 in Axes
 16409 | D:11     | Reached skill level 8 in Slings
 16519 | D:11     | Noticed a four-headed hydra
 16529 | D:11     | Killed a four-headed hydra
 16735 | D:11     | Found Nyseamye's Antique Weapon Shoppe.
 16738 | D:11     | Bought a shimmering morningstar for 207 gold pieces
 16738 | D:11     | Identified the +6 morningstar of the Spectre {venom, rElec
                  | rF- rC+++ Str-3} (You bought it in a shop on level 11 of
                  | the Dungeon)
 16742 | D:11     | Bought a jewelled mace for 184 gold pieces
 16742 | D:11     | Identified the +7 mace of Lely {vorpal, Int+4 SInv} (You
                  | bought it in a shop on level 11 of the Dungeon)
 17017 | D:12     | Reached skill level 1 in Polearms
 17022 | D:12     | Reached skill level 1 in Staves
 17164 | D:12     | Received a gift from Okawaru
 17165 | D:12     | Reached skill level 4 in Invocations
 17544 | D:12     | Noticed a two-headed ogre
 17547 | D:12     | Noticed an eight-headed hydra
 17564 | D:12     | Killed an eight-headed hydra
 17565 | D:12     | Reached skill level 2 in Polearms
 17565 | D:12     | Reached skill level 2 in Staves
 17565 | D:12     | Reached skill level 10 in Armour
 17565 | D:12     | Reached skill level 10 in Shields
 17573 | D:12     | Killed a two-headed ogre
 17573 | D:12     | Reached ****** piety under Okawaru
 17574 | D:12     | Reached skill level 10 in Fighting
 17574 | D:12     | Reached XP level 12. HP: 90/106 MP: 9/14
 17770 | D:12     | Noticed a two-headed ogre
 17787 | D:12     | Killed a two-headed ogre
 18043 | D:12     | Noticed Snorg
 18068 | D:12     | Killed Snorg
 18068 | D:12     | Received a gift from Okawaru
 18511 | D:12     | Reached skill level 3 in Staves
 18620 | D:13     | Reached skill level 3 in Polearms
 18716 | D:13     | Identified the +1 chain mail of a wizard's laboratory
                  | {rElec Regen+} (Okawaru gifted it to you on level 13 of the
                  | Dungeon)
 18716 | D:13     | Received a gift from Okawaru
 18880 | D:13     | Noticed a centaur warrior
 18897 | D:13     | Killed a centaur warrior
 19158 | D:13     | Noticed a death knight
 19177 | D:13     | HP: 26/107 [poisoned by a death knight]
 19524 | D:13     | Noticed a centaur warrior
 19536 | D:13     | Killed a centaur warrior
 19537 | D:13     | Reached skill level 5 in Invocations
 19546 | D:13     | Reached skill level 9 in Slings
 19775 | D:13     | Reached skill level 4 in Staves
 19903 | D:13     | You add the spells Conjure Flame and Ignite Poison to your
                  | library.
 19911 | D:13     | Reached skill level 4 in Polearms
 20001 | D:13     | Noticed a death knight
 20028 | D:13     | HP: 15/107 [death knight (25)]
 20031 | D:13     | Killed a death knight
 20465 | D:13     | HP: 26/108 [mirror damage (14)]
 20468 | D:13     | Killed a death knight
 20826 | D:13     | Found a gate to the Vaults.
 20826 | D:13     | Noticed a centaur warrior
 20826 | D:13     | Noticed a vault guard
 20826 | D:13     | Noticed a vault guard
 20826 | D:13     | Noticed a vault guard
 20826 | D:13     | Noticed a vault guard
 20836 | D:13     | HP: 27/108 [centaur warrior/arrow (3)]
 20851 | D:13     | HP: 23/108 [vault guard (1)]
 21320 | Lair:1   | Entered Level 1 of the Lair of Beasts
 21323 | D:8      | magus.rc [v1.9.6]
 21433 | Lair:1   | Noticed a seven-headed hydra
 21448 | Lair:1   | HP: 23/108 [seven-headed hydra (10)]
 21451 | Lair:1   | HP: 11/108 [seven-headed hydra (1)]
 21452 | Lair:1   | Slain by a seven-headed hydra

Vanquished Creatures
  Snorg (D:12)
  The ghost of Skilfsilihog the Cleaver, a journeyman MiFi of Okawaru (D:10)
  2 centaur warriors (D:13)
  3 hydras
  2 death knights (D:13)
  2 two-headed ogres (D:12)
  Pikel (D:4)
  A harpy (shapeshifter) (D:13)
  3 cyclopes
  2 ugly things (D:13)
  A manticore (D:7)
  A gargoyle (D:11)
  Maggie (D:7)
  A tengu conjurer (D:13)
  A komodo dragon (D:11)
  2 kobold demonologists (D:12)
  4 trolls
  A polar bear (Lair:1)
  A meliai zombie (D:11)
  4 slime creatures (D:7)
  A vampire (D:8)
  A jumping spider (shapeshifter) (D:13)
  4 shadows
  6 yaks (D:10)
  2 water elementals (D:11)
  A steam dragon (D:7)
  2 vampire mosquitoes (D:13)
  4 wargs
  2 acid dragons
  An ice beast (D:6)
  4 water moccasins
  12 orc warriors
  2 sky beasts
  3 ogres
  An ogre (shapeshifter) (D:13)
  3 necrophages
  14 centaurs
  4 kobold brigands
  3 bullfrogs
  A scorpion (D:4)
  A gnoll sergeant (D:5)
  2 wyvern skeletons
  A water moccasin skeleton (D:5)
  17 wights
  3 electric eels (D:11)
  3 centaur zombies
  3 howler monkeys
  A bullfrog zombie (D:6)
  13 orc priests
  Crazy Yiuf (D:2)
  A bullfrog skeleton (D:5)
  A centaur skeleton (D:7)
  9 orc wizards
  Ijyb (D:4)
  3 iguanas
  2 hound skeletons
  3 mummies (Ossuary)
  A howler monkey zombie (D:9)
  5 gnolls
  8 adders
  2 shadow imps
  A white imp (D:8)
  2 ufetubi
  A worm (D:2)
  6 dart slugs
  56 orcs
  A gnoll zombie (Ossuary)
  5 goblins
  8 hobgoblins
  12 jackals
  14 kobolds
  3 quokkas
  12 ball pythons
  6 bats
  6 frilled lizards
  4 goblin zombies
  4 hobgoblin zombies (Ossuary)
  A jackal zombie (D:8)
  3 kobold zombies (Ossuary)
  An orc zombie (D:8)
  3 quokka zombies (Ossuary)
  6 rats
  4 rat zombies (Ossuary)
  A spectral orc (D:8)
347 creatures vanquished.

Vanquished Creatures (others)
  10 fungi
  A plant (D:8)
11 creatures vanquished.

Grand Total: 358 creatures vanquished

Table legend:
 A = Non-vault XP
 B = Vault XP
 C = Vault XP percentage of total XP
 D = Non-vault monster count
 E = Vault monster count
 F = Vault count percentage of total count
                 A         B        C        D         E       F
            +---------+---------+-------+---------+---------+-------
      Total |   26754 |    6310 |  19.1 |     274 |      73 |  21.0
            +---------+---------+-------+---------+---------+-------
        D:1 |      64 |       0 |   0.0 |      29 |       0 |   0.0
        D:2 |      43 |      41 |  48.8 |      22 |       1 |   4.3
        D:3 |     237 |       0 |   0.0 |      19 |       0 |   0.0
        D:4 |     668 |     667 |  50.0 |      33 |       3 |   8.3
        D:5 |     976 |       0 |   0.0 |      19 |       0 |   0.0
        D:6 |     799 |       0 |   0.0 |      21 |       0 |   0.0
        D:7 |    1931 |     379 |  16.4 |      14 |       1 |   6.7
        D:8 |     938 |     822 |  46.7 |      11 |      13 |  54.2
        D:9 |    1368 |       0 |   0.0 |      26 |       0 |   0.0
       D:10 |    2154 |    1644 |  43.3 |      20 |      14 |  41.2
       D:11 |    4900 |     659 |  11.9 |      14 |      16 |  53.3
       D:12 |    5552 |     928 |  14.3 |      26 |       1 |   3.7
       D:13 |    6742 |     946 |  12.3 |      18 |       2 |  10.0
     Lair:1 |     382 |     151 |  28.3 |       2 |       1 |  33.3
    Ossuary |       0 |      73 | 100.0 |       0 |      21 | 100.0
            +---------+---------+-------+---------+---------+-------

Illustrated notes

Table legend:
 A = Kills in this place as a percentage of kills in entire the game.
 B = Kills by you in this place as a percentage of kills by you in the entire game.
 C = Kills by friends in this place as a percentage of kills by friends in the entire game.
 D = Other kills in this place as a percentage of other kills in the entire game.
 E = Experience gained in this place as a percentage of experience gained in the entire game.
 F = Experience gained in this place divided by the number of levels of this place that you have seen.
                   A       B       C       D       E      F
               +-------+-------+-------+-------+-------+----------------------
         Total | 100.0 | 100.0 |   N/A |   N/A | 100.0 | 2066.5
       Dungeon |  93.1 |  93.1 |   N/A |   N/A |  98.2 | 2496.8
          Lair |   0.9 |   0.9 |   N/A |   N/A |   1.6 | 533.0
       Ossuary |   6.1 |   6.1 |   N/A |   N/A |   0.2 |  73.0
               +-------+-------+-------+-------+-------+----------------------

Table legend: (Time is in decaauts)
 A = Elapsed time spent in this place.
 B = Non-inter-level travel time spent in this place.
 C = Inter-level travel time spent in this place.
 D = Time resting spent in this place.
 E = Time spent auto-exploring this place.
 F = Levels seen in this place.
 G = Mean time per level.
                   A        B        C        D        E       F      G
               +--------+--------+--------+--------+--------+-----+--------+
         Total |  21406 |  20113 |   1293 |   8532 |   8416 |  16 | 1337.9 |
       Dungeon |  20818 |  19556 |   1262 |   8532 |   7995 |  13 | 1601.4 |
        Temple |    285 |    254 |     31 |      0 |    240 |   1 |  285.0 |
          Lair |    128 |    128 |      0 |      0 |     88 |   1 |  128.0 |
       Ossuary |    174 |    174 |      0 |      0 |     93 |   1 |  174.0 |
               +--------+--------+--------+--------+--------+-----+--------+

Top non-repeatable levels by time:
     D:4: 2418 daAuts
    D:12: 2343 daAuts
    D:10: 2022 daAuts
    D:13: 1882 daAuts
     D:7: 1751 daAuts
    D:11: 1594 daAuts
     D:6: 1497 daAuts
     D:1: 1436 daAuts
     D:9: 1370 daAuts
     D:8: 1307 daAuts
     D:5: 1306 daAuts
     D:2: 945 daAuts
     D:3: 943 daAuts
  Temple: 285 daAuts
 Ossuary: 174 daAuts
